 Dungeon Crawl Stone Soup version 0.27-a0-1334-g2746e35aca (webtiles) character file.

Game seed: 5583928021496463375

73 Nattfarinn the Ducker (level 4, -1/34 HPs)
             Began as a Djinni Venom Mage on June 25, 2021.
             Slain by a gnoll (12 damage)
             ... on level 2 of the Dungeon.
             The game lasted 00:03:08 (2548 turns).

Nattfarinn the Ducker (Djinni Venom Mage)           Turns: 2548, Time: 00:03:09

Health: -1/34      AC:  2    Str:  7    XL:     4   Next: 51%
Gold:   99         EV: 12    Int: 18    God:
                   SH:  0    Dex: 13

rFire    + + .     SeeInvis .   c - +0 whip
rCold    x . .     Faith    .   (no shield)
rNeg     . . .     Spirit   .   a - +0 robe
rPois    ∞         Reflect  .   (no helmet)
rElec    .         Harm     .   (no cloak)
rCorr    .         Rampage  .   (no gloves)
Will     .....                  (boots unavailable)
Stlth    ++........             (no amulet)
HPRegen  0.11/turn              (no ring)
MPRegen  0.00/turn              (no ring)

@: flying
A: sickness immunity, fire resistance 2, cold vulnerability 1, float, innate
caster, hp casting, extra vitality 1
a: no special abilities


You were on level 2 of the Dungeon.
You visited 1 branch of the dungeon, and saw 2 of its levels.

You collected 99 gold pieces.

Inventory:

Hand Weapons
 c - a +0 whip (weapon)
Armour
 a - a +0 robe (worn)
Scrolls
 b - a scroll of identify {unknown}
 d - a scroll of blinking {unknown}
 e - a scroll of magic mapping {unknown}
Potions
 f - a potion of mutation {unknown}
 g - a potion of magic {unknown}
 h - a potion of haste {unknown}


   Skills:
 * Level 2.5 Fighting
 + Level 1.5 Armour
 + Level 3.0 Dodging
 - Level 1.5 Stealth
 - Level 2.4 Spellcasting


You couldn't memorise any spells.
You knew the following spells:

 Your Spells              Type           Power      Damage    Failure   Level
a - Sting                 Tmut/Pois      40%        1d5       6%          1
b - Poisonous Vapours     Pois/Air       20%        N/A       10%         2
c - Mephitic Cloud        Conj/Pois/Air  10%        N/A       19%         3
d - Ignite Poison         Fire/Tmut/Pois 10%        N/A       19%         3
e - Olgreb's Toxic Radia  Pois           10%        N/A       54%         4
f - Magic Dart            Conj           40%        1d5       6%          1
Your spell library was empty.

Dungeon Overview and Level Annotations

Branches:
Dungeon (2/15)

Altars:

Shops:
D:2 [=


Innate Abilities, Weirdness & Mutations

You are immune to sickness and miasma.
You are immune to poison.
Your flesh is very heat resistant. (rF++)
You are vulnerable to cold. (rC-)
You float through the air rather than walking.
You learn spells naturally, not from books.
Your magical power is your life essence.
You have superior vitality. (+4 HP)


Message History

The sting hits the gnoll but does no damage.
The gnoll looks even sicker.
The gnoll is severely wounded.
* * * LOW HITPOINT WARNING * * *
The gnoll barely misses you.
You kill the gnoll!
You start resting.
A gnoll is nearby!
You start resting.
A gnoll is nearby!
A gnoll is nearby!
The gnoll shouts!
You start resting.
A gnoll is nearby!
You are too injured to fight recklessly!
Unknown command.
Casting: Sting (safe; 6% risk of failure)
Confirm with . or Enter, or press ? or * to list all spells.
Aiming: Sting (safe; 6% risk of failure)
Press: ? - help, Shift-Dir - straight line, f - gnoll
Aim: a gnoll, wielding a +3 flail (75% to hit)
The sting hits the gnoll but does no damage.
The gnoll is poisoned.
Casting: Sting (safe; 6% risk of failure)
Confirm with . or Enter, or press ? or * to list all spells.
Aiming: Sting (safe; 6% risk of failure)
Press: ? - help, Shift-Dir - straight line, f/p - gnoll
Aim: a gnoll, wielding a +3 flail (lightly wounded, poisoned, 75% to hit)
The sting hits the gnoll.
The gnoll looks even sicker.
The gnoll is moderately wounded.
The gnoll barely misses you.
Casting: Sting (safe; 6% risk of failure)
Confirm with . or Enter, or press ? or * to list all spells.
Aiming: Sting (safe; 6% risk of failure)
Press: ? - help, Shift-Dir - straight line, f/p - gnoll
Aim: a gnoll, wielding a +3 flail (moderately wounded, very poisoned, 75% to hit)
The sting hits the gnoll.
The gnoll looks even sicker.
The gnoll is severely wounded.
The gnoll hits you with a +3 flail!
You die...

##.....# #......# #####
#...>..# ####### ##...##
###......###......
###.....####.........<...##..
..≈≈≈.......†.#.##.##........#
.##.≈≈≈...#####.##.##....#####
##...≈≈..# ######.#######
≈≈....≈≈.# #@g..#.# .^8####
≈≈.#≈≈≈..######.##_##.###....#
≈##.≈......##...........# #..
#.≈......##.#.......#^# ###
#.........#8.........8# ##
##.....#..####.....## ###.
#.^..###.##.......# #...
#.#...##.###.>.).## #.##
#.###......#.#...#######...


You could see a gnoll (very poisoned).

Vanquished Creatures
  An adder (D:2)
  2 gnolls (D:2)
  A dart slug (D:1)
  8 ball pythons
  An endoplasm (D:1)
  4 giant cockroaches
  A goblin (D:1)
  6 hobgoblins
  4 jackals (D:1)
  5 bats
  2 frilled lizards
  2 kobolds (D:2)
  3 rats
40 creatures vanquished.

Notes
Turn   | Place    | Note
-------+----------+-------------------------------------------
     0 | D:1      | Nattfarinn the Djinni Venom Mage began the quest for the
                  | Orb.
     0 | D:1      | Reached XP level 1. HP: 15/15 MP: 0/0
   725 | D:1      | Reached skill level 1 in Fighting
   725 | D:1      | Reached XP level 2. HP: 18/22 MP: 0/0
  1199 | D:1      | Reached skill level 1 in Armour
  1199 | D:1      | Reached XP level 3. HP: 18/27 MP: 0/0
  1199 | D:1      | Learned a level 1 spell: Magic Dart
  1919 | D:2      | Found Siawatid's Jewellery Shop.
  2009 | D:2      | Found Tunlug's Antique Armour Emporium.
  2140 | D:2      | Reached XP level 4. HP: 32/33 MP: 0/0
  2169 | D:2      | Found a faded altar of an unknown god.
  2170 | D:2      | Found Bum Wagroh's Antique Armour Shoppe.
  2291 | D:2      | Reached skill level 3 in Dodging
  2548 | D:2      | Slain by a gnoll

Illustrated notes

Levels and vault maps discovered:
D:1:      dpeg_arrival_more_subterranean_lakeside_camping, layout_loops_ring
D:2:      layout_rooms, shapermc_ecumenical_altar_mp_highgroup, serial_rivers,
          chequers_serial_rivers_room_a, chequers_serial_rivers_small_a,
          chequers_serial_rivers_small_b, chequers_serial_rivers_large_a,
          serial_shops, shop, shop, nicolae_shop_stone, shop,
          nicolae_diamond_shop, hangedman_decor_clover_reticule,
          hangedman_feature_mirror

Skill      XL: |  1  2  3  4 |
---------------+-------------+-----
Fighting       | 1 2 |  2.5
Armour         | 1 |  1.5
Dodging        | 3 |  3.0
Stealth        | |  1.5
Spellcasting   | |  2.4

Action                   |  1- 3 |  4- 6 || total
-------------------------+-------+-------++-------
Melee: Whip              |    13 |       ||    13
 Cast: Sting             |    78 |    18 ||    96
Armor: Robe              |     8 |       ||     8
Dodge: Dodged            |    38 |     6 ||    44

Table legend: (Time is in decaauts)
 A = Elapsed time spent in this place.
 B = Non-inter-level travel time spent in this place.
 C = Inter-level travel time spent in this place.
 D = Time resting spent in this place.
 E = Time spent auto-exploring this place.
 F = Levels seen in this place.
 G = Mean time per level.
                   A        B        C        D        E       F      G
               +--------+--------+--------+--------+--------+-----+--------+
         Total |   2548 |   2513 |     35 |    655 |   1594 |   2 | 1274.0 |
       Dungeon |   2548 |   2513 |     35 |    655 |   1594 |   2 | 1274.0 |
               +--------+--------+--------+--------+--------+-----+--------+

Top non-repeatable levels by time:
     D:1: 1776 daAuts
     D:2: 771 daAuts
